 Dungeon Crawl Stone Soup version 0.23.2-33-g5129a83184 (webtiles) character file.

Game seed: 9160965021425321444

4265 doot the Thaumaturge (level 10, -1/54 HPs)
             Began as a Deep Elf Wizard on July 23, 2019.
             Was a Believer of Kikubaaqudgha.
             Slain by Harold
             ... wielding a +0 trident
              (15 damage)
             ... on level 9 of the Dungeon.
             The game lasted 00:31:57 (11436 turns).

doot the Thaumaturge (Deep Elf Wizard)             Turns: 11436, Time: 00:31:59

Health: -1/54      AC: 10    Str:  4    XL:     10   Next: 10%
Magic:  0/27       EV: 13    Int: 25    God:    Kikubaaqudgha [**....]
Gold:   479        SH:  0    Dex: 13    Spells: 15/31 levels left

rFire    . . .     SeeInvis .   E - +4 quarterstaff (chaos)
rCold    . . .     Gourm    .   (shield currently unavailable)
rNeg     + . .     Faith    .   v - +2 leather armour {MR+}
rPois    .         Spirit   +   b - +0 hat
rElec    .         Reflect  .   F - +2 cloak
rCorr    +         Harm     .   u - +0 pair of gloves
MR       ++...                  s - +0 pair of boots of Ajifanic {rN+ rCorr Int-2}
Stlth    ++........             q - amulet of guardian spirit
HPRegen  0.18/turn              j - ring of stealth
MPRegen  0.20/turn              (no ring)

@: confused
A: no striking features
a: Receive Corpses, Renounce Religion


You were on level 9 of the Dungeon.
You worshipped Kikubaaqudgha.
Kikubaaqudgha was pleased with you.
You were hungry.

You visited 2 branches of the dungeon, and saw 10 of its levels.

You collected 479 gold pieces.

Inventory:

Hand Weapons
 y - a +3 dagger of draining
 E - a +4 quarterstaff of chaos (weapon)
Missiles
 A - a throwing net (quivered)
Armour
 a - a +0 robe
 b - a +0 hat (worn)
 i - a scarf of spirit shield
 s - the +0 pair of boots of Ajifanic (worn) {rN+ rCorr Int-2}
   (You found it on level 5 of the Dungeon)

   It affects your intelligence (-2).
   It protects you from negative energy.
   It provides partial protection from all sources of acid and corrosion.
 t - a +0 leather armour of poison resistance
 u - a +0 pair of gloves (worn)
 v - a +2 leather armour of magic resistance (worn)
 C - a +2 robe of magic resistance
 F - a +2 cloak (worn)
Jewellery
 j - a ring of stealth (left hand)
 q - an amulet of guardian spirit (around neck)
Wands
 k - a wand of paralysis (10)
 o - a wand of flame (14)
 K - a wand of enslavement (6)
Scrolls
 c - 3 scrolls of enchant weapon
 f - 6 scrolls of amnesia
 h - 3 scrolls of blinking {unknown}
 l - 5 scrolls of teleportation
 r - 5 scrolls of remove curse {unknown}
 w - 2 scrolls of fear {unknown}
 x - a scroll of fog {unknown}
 G - a scroll of immolation {unknown}
 I - a scroll of magic mapping {unknown}
 M - a scroll of identify
Potions
 e - 2 potions of heal wounds {unknown}
 g - a potion of flight {unknown}
 m - 4 potions of haste
 n - a potion of mutation {unknown}
 p - 2 potions of curing
 z - a potion of cancellation
 B - 4 potions of lignification
 D - a potion of brilliance {unknown}
 H - a potion of ambrosia {unknown}
 J - 2 potions of might
 L - 2 potions of agility
Comestibles
 d - 20 rations


   Skills:
 + Level 2.3 Fighting
 + Level 3.9 Short Blades
 + Level 2.9 Staves
 + Level 2.6 Armour
 + Level 5.5 Dodging
 + Level 5.9 Stealth
 + Level 11.0 Spellcasting
 + Level 5.8 Conjurations
 + Level 0.7 Charms
   Level 1.1 Summonings
 + Level 1.2 Necromancy
 + Level 2.7 Translocations
 + Level 2.5 Fire Magic
 + Level 3.2 Air Magic
 + Level 3.6 Poison Magic


You had 15 spell levels left.
You knew the following spells:

 Your Spells              Type           Power        Failure   Level  Hunger
a - Magic Dart            Conj           ####         1%          1    None
b - Blink                 Tloc           N/A          3%          2    None
d - Conjure Flame         Conj/Fire      ####....     4%          3    None
e - Mephitic Cloud        Conj/Pois/Air  ####....     4%          3    None
f - Poisonous Vapours     Pois/Air       ####..       2%          2    None
g - Corpse Rot            Necr           N/A          7%          2    None
h - Regeneration          Chrm/Necr      ###.......   16%         3    None

Your spell library contained the following spells:

 Spells                   Type           Power        Failure   Level  Hunger
 Pain                     Necr           ###.         4%          1    None
 Sublimation of Blood     Necr           ###.......   7%          2    None
 Stone Arrow              Conj/Erth      ####..       7%          3    None
 Corona                   Hex            ##.....      8%          1    None
 Sandblast                Erth           ##....       8%          1    None
 Call Imp                 Summ           ###.....     8%          2    None
 Passwall                 Tmut/Erth      ##......     12%         2    None
 Slow                     Hex            ##......     12%         2    None
 Portal Projectile        Hex/Tloc       ###...       13%         3    None
 Inner Flame              Hex/Fire       ###.....     14%         3    None
 Summon Lightning Spire   Summ/Air       ###.....     30%         4    None
 Cause Fear               Hex            ##........   58%         4    None
 Leda's Liquefaction      Hex/Erth       ##........   58%         4    None
 Petrify                  Tmut/Erth      ##......     58%         4    None
 Silence                  Hex/Air        ###.......   73%         5    ####...
 Conjure Ball Lightning   Conj/Air       #####.....   88%         6    #####..
 Lee's Rapid Deconstruct  Erth           ##........   91%         5    ####...
 Freezing Cloud           Conj/Ice/Air   ####......   98%         6    #####..
 Deflect Missiles         Chrm/Air       ###.......   99%         6    #####..
 Ring of Flames           Chrm/Fire      ###.......   100%        7    #######
 Tornado                  Air            ####......   100%        9    #######


Dungeon Overview and Level Annotations

Branches:
Dungeon (9/15)             Temple (1/1) D:7
   Lair: D:8-11         Orc: D:9-12

Altars:
Ashenzari
Cheibriados
Dithmenos
Elyvilon
Fedhas
Gozag
Hepliaklqana
Kikubaaqudgha
Makhleb
Nemelex Xobeh
Okawaru
Qazlal
Ru
Sif Muna
Trog
Uskayaw
Vehumet
Wu Jian
Xom
Yredelemnul
Zin
The Shining One

Annotations:
D:4 Grinder
D:9 Harold


Message History

Confirm with . or Enter, or press ? or * to list all spells.
Aiming: Mephitic Cloud (safe; 4% risk of failure)
Press: ? - help, Shift-Dir - straight line The ball explodes into a vile cloud!
The stinking cloud engulfs Harold but does no damage.
Harold is severely wounded.
Harold is engulfed in noxious fumes.
Harold casts a spell at you. The harpoon shot hits you!
* * * LOW HITPOINT WARNING * * *
You are yanked forward by the harpoon shot.
Unknown command.
You hit Harold.
Harold is severely wounded.
You are engulfed in noxious fumes.
You choke on the stench!
You are confused.
Harold is engulfed in noxious fumes.
Harold appears confused.
Harold hits you with a +0 trident!
You die...
Kikubaaqudgha rasps: "You have failed me!
Welcome... death!"

# ###
###.###......#
#
.............#
#
.............#
#
.............#
#
.............#
####
............(#
....
.............#
....
..........@☼.#
...#
.........☼@☼.#
...#
.........#§.#
...
.........#..#
. .
............#
..
.........$..#
...
...........(#
###
############


You could see Harold (confused).

Vanquished Creatures
  A two-headed ogre (D:8)
  A hornet (D:8)
  A wyvern (D:8)
  A hungry ghost (D:8)
  A soldier ant (D:8)
  Duvessa (Temple)
  An orc warrior (D:6)
  4 sky beasts
  An ice beast (D:6)
  4 ogres
  A phantom (D:8)
  3 centaurs
  A bullfrog (D:6)
  A gnoll sergeant (D:7)
  A wyvern zombie (D:8)
  Dowan (Temple)
  2 scorpions
  4 jellies
  Crazy Yiuf (D:2)
  2 orc priests (D:5)
  7 hounds
  2 bullfrog skeletons
  Jessica (D:2)
  A gnoll shaman (D:5)
  4 iguanas
  6 orc wizards
  Terence (D:2)
  7 worker ants
  A killer bee zombie (D:8)
  3 hound skeletons
  2 mummies
  14 gnolls
  8 adders
  A shadow imp (D:7)
  An ooze (D:3)
  An adder zombie (D:6)
  An adder skeleton (D:6)
  5 worms
  3 dart slugs
  6 leopard geckos
  23 orcs
  10 bats
  6 giant cockroaches
  11 goblins
  9 hobgoblins
  10 jackals
  A quokka (D:8)
  A ball python (D:4)
  5 frilled lizards
  2 hobgoblin zombies (D:7)
  7 kobolds
  A kobold zombie (D:7)
  An orc zombie (D:7)
  2 quokka skeletons
  A quokka zombie (D:8)
  8 rats
206 creatures vanquished.

Vanquished Creatures (collateral kills)
  A leopard gecko (D:2)
1 creature vanquished.

Grand Total: 207 creatures vanquished

Notes
Turn   | Place    | Note
-------+----------+-------------------------------------------
     0 | D:1      | doot the Deep Elf Wizard began the quest for the Orb.
     0 | D:1      | Reached XP level 1. HP: 10/10 MP: 7/7
   305 | D:1      | Reached skill level 5 in Spellcasting
   340 | D:1      | Reached XP level 2. HP: 15/15 MP: 1/10
   380 | D:1      | Learned a level 2 spell: Blink
   383 | D:1      | Learned a level 2 spell: Call Imp
   942 | D:1      | Reached XP level 3. HP: 9/19 MP: 4/12
  1126 | D:1      | Learned a level 3 spell: Conjure Flame
  1476 | D:2      | Noticed Terence
  1483 | D:1      | Learned a level 3 spell: Mephitic Cloud
  1551 | D:2      | Reached skill level 6 in Spellcasting
  1945 | D:2      | Reached XP level 4. HP: 23/24 MP: 10/14
  2205 | D:2      | Killed Terence
  2205 | D:2      | Reached skill level 1 in Short Blades
  2205 | D:2      | Reached XP level 5. HP: 17/28 MP: 8/15
  2316 | D:2      | Found a runed translucent door.
  2317 | D:2      | Noticed Crazy Yiuf
  2584 | D:3      | Found a shattered altar of Ashenzari.
  3067 | D:4      | Noticed Grinder
  3079 | D:4      | Reached XP level 6. HP: 24/33 MP: 7/17
  3367 | D:5      | Entered Level 5 of the Dungeon
  3379 | D:5      | Found a shadowy altar of Dithmenos.
  3382 | D:5      | Noticed a sky beast
  3416 | D:5      | Killed a sky beast
  3552 | D:5      | Got a pair of heavily runed boots
  3563 | D:5      | Identified the +0 pair of boots of Ajifanic {rN+ rCorr
                  | Int-2} (You found it on level 5 of the Dungeon)
  3837 | D:4      | Reached skill level 7 in Spellcasting
  3837 | D:4      | Reached XP level 7. HP: 37/37 MP: 13/19
  4090 | D:5      | Reached skill level 1 in Fighting
  4116 | D:5      | Reached skill level 5 in Stealth
  4116 | D:5      | Reached skill level 1 in Poison Magic
  4464 | D:4      | Found a basalt altar of Yredelemnul.
  4466 | D:4      | Found a bloodstained altar of Trog.
  4466 | D:4      | Found an iron altar of Okawaru.
  4471 | D:4      | Found a stormy altar of Qazlal.
  4522 | D:5      | Found a snail-covered altar of Cheibriados.
  5766 | D:5      | Reached skill level 1 in Armour
  6208 | D:6      | Reached skill level 1 in Air Magic
  6369 | D:6      | Reached XP level 8. HP: 43/43 MP: 17/21
  6472 | D:6      | Reached skill level 8 in Spellcasting
  6759 | D:6      | Reached skill level 1 in Fire Magic
  7057 | D:7      | Learned a level 2 spell: Poisonous Vapours
  7101 | D:7      | Noticed Duvessa
  7101 | D:7      | Noticed Dowan
  7113 | D:7      | Found a staircase to the Ecumenical Temple.
  7117 | Temple   | Entered the Ecumenical Temple
  7129 | Temple   | Became a worshipper of Kikubaaqudgha
  7496 | Temple   | Killed Duvessa
  7504 | Temple   | Killed Dowan
  7599 | D:7      | Reached skill level 9 in Spellcasting
  7907 | D:2      | Noticed Jessica
  7912 | D:2      | Killed Jessica
  8193 | D:2      | Killed Crazy Yiuf
  8677 | D:7      | Reached * piety under Kikubaaqudgha
  8677 | D:7      | Identified Kikubaaqudgha's Almanac of Unholy Arts
                  | (Kikubaaqudgha gifted it to you on level 7 of the Dungeon)
  8677 | D:7      | Received a gift from Kikubaaqudgha
  8677 | D:7      | Reached XP level 9. HP: 47/47 MP: 10/24
  8722 | D:7      | Learned a level 2 spell: Corpse Rot
  8726 | D:7      | Learned a level 3 spell: Regeneration
  9050 | D:7      | Reached skill level 5 in Conjurations
  9436 | D:8      | Paralysed by a hornet for 1 turns
  9580 | D:8      | Reached skill level 1 in Staves
  9865 | D:8      | Noticed a two-headed ogre
  9882 | D:8      | Reached skill level 5 in Dodging
  9882 | D:8      | Reached skill level 10 in Spellcasting
  9883 | D:8      | Killed a two-headed ogre
  9883 | D:8      | Reached skill level 1 in Necromancy
 10144 | D:8      | Reached ** piety under Kikubaaqudgha
 10803 | D:9      | Reached XP level 10. HP: 48/53 MP: 17/26
 11372 | D:9      | Reached skill level 11 in Spellcasting
 11406 | D:9      | Noticed Harold
 11436 | D:9      | Slain by Harold

Skill      XL: |  1  2  3  4  5  6  7  8  9 10 |
---------------+-------------------------------+-----
Spellcasting   | 5 6 7 9 10 11 | 11.0
Stealth        | 3 4 5 |  5.9
Conjurations   | 2 3 4 5 |  5.8
Short Blades   | 1 2 3 |  3.9
Dodging        | 3 4 5 |  5.5
Fighting       | 1 2 |  2.3
Poison Magic   | 1 2 3 |  3.6
Armour         | 1 2 |  2.6
Air Magic      | 1 2 3 |  3.2
Fire Magic     | 1 2 |  2.5
Staves         | 2 |  2.9
Translocations | 2 |  2.7
Necromancy     | 1 |  1.2
Charms         | |  0.7
Summonings     | |  1.1

Action                   |  1- 3 |  4- 6 |  7- 9 | 10-12 || total
-------------------------+-------+-------+-------+-------++-------
Melee: Dagger            |    48 |   125 |   119 |       ||   292
       Quarterstaff      |       |       |    68 |    14 ||    82
 Cast: Magic Dart        |    94 |    57 |   181 |    18 ||   350
       Conjure Flame     |     3 |     7 |    28 |       ||    38
       Blink             |     2 |     1 |    19 |       ||    22
       Call Imp          |     1 |       |       |       ||     1
       Mephitic Cloud    |       |     6 |    26 |     3 ||    35
       Poisonous Vapours |       |       |    29 |     5 ||    34
       Corpse Rot        |       |       |     2 |     2 ||     4
       Regeneration      |       |       |     1 |       ||     1
  Use: Potion            |       |       |     3 |       ||     3
       Scroll            |       |       |     7 |       ||     7
 Stab: Sleeping          |     2 |     8 |     7 |       ||    17
       Confused          |       |     1 |     8 |     1 ||    10
       Petrified         |       |       |     1 |       ||     1
  Eat: Chunk             |     3 |     5 |    16 |     1 ||    25
       Ration            |       |       |     2 |       ||     2
Armor: Robe              |     7 |    19 |       |       ||    26
       Leather armour    |       |       |    44 |     3 ||    47
Dodge: Dodged            |    36 |    87 |   105 |    14 ||   242
